Get step-by-step instructions on how to execute this build order below. Start the game timer, and the build order will tick by so you can play in parallel with StarCraft on a second screen or mobile device.

Game Time

  0:00

Last Step

  N/A

Next Step

Upcoming Step



Don't want to look back and forth between 2 screens? Try out our Overwolf App, the Spawning Tool Build Advisor to get an in-game overlay with this build!

Complete Build Order

  12  0:03  SCV  
  13  0:19  SCV  
  14  0:21  Supply Depot  
  14  0:38  SCV  
  15  0:45  Barracks  
  15  0:52  Refinery  
  15  0:54  SCV  
  15  0:56  Refinery